 Dungeon Crawl Stone Soup version 0.30-a0-859-gf88a04b62d (webtiles) character file.

Game seed: 16492193614871403785

111 dialectric the Covered (level 4, -5/29 HPs)
             Began as a Gargoyle Fighter on Mar 6, 2023.
             Slain by a kobold brigand
             ... wielding a +0 whip
              (6 damage)
             ... in a sewer.
             The game lasted 00:03:09 (1485 turns).

dialectric the Covered (Gargoyle Fighter)           Turns: 1485, Time: 00:03:10

Health: -5/29      AC: 10    Str: 20    XL:     4   Next: 92%
Magic:  4/4        EV: 10    Int:  8    God:
Gold:   54         SH:  0    Dex: 11    Spells: 3/3 levels left

rFire   . . .      SeeInvis .    a - +0 long sword
rCold   . . .      Faith    .    (no shield)
rNeg    + . .      Spirit   .    b - +0 scale mail
rPois   ∞          Reflect  .    (no helmet)
rElec   +          Rampage  .    (no cloak)
rCorr   .                        (no gloves)
Will    .....                    (no boots) Stlth
                                 (no amulet)
HPRegen 0.24/turn                (no ring)
MPRegen 0.09/turn                (no ring)

@: no status effects
A: sickness immunity, AC +3, negative energy resistance 1, electricity
resistance, torment resistance 1, petrification resistance
a: no special abilities


You were in a sewer.
You visited 1 branch of the dungeon, and saw 3 of its levels.
You also visited: Sewer.

You collected 54 gold pieces.

Inventory:

Hand Weapons
 a - a +0 long sword (weapon)
Missiles
 r - 16 poisoned darts (quivered)
Armour
 b - a +0 scale mail (worn)
 c - a +0 buckler
Jewellery
 o - an amulet of the acrobat
Wands
 l - a wand of iceblast (9)
Scrolls
 j - a scroll of magic mapping {unknown}
 n - a scroll of immolation {unknown}
 p - a scroll of vulnerability
 q - a scroll of amnesia {unknown}
 s - a scroll of blinking {unknown}
 t - a scroll of noise {unknown}
 u - a scroll of teleportation {unknown}
Potions
 d - a potion of might
 e - a potion of resistance {unknown}
 f - a potion of invisibility {unknown}
 g - a potion of curing {unknown}
 h - 2 potions of attraction
 i - 2 potions of magic {unknown}
 k - a potion of flight {unknown}
 m - 2 potions of heal wounds {unknown}


   Skills:
 + Level 3.9 Fighting
 + Level 3.2 Long Blades
 * Level 4.0 Armour
 - Level 1.2 Dodging
 - Level 3.2 Shields


You had 3 spell levels left.
You didn't know any spells.
Your spell library contained the following spells:

 Spells                   Type           Power      Damage    Failure   Level
 Portal Projectile        Hex/Tloc       0%         N/A       98%         3
 Tukima's Dance           Hex            0%         N/A       98%         3
 Vhi's Electric Charge    Tloc/Air       0%         N/A       98%         3
 Arcjolt                  Conj/Air       0%         1d10      100%        5
 Blade Hands              Tmut           0%         N/A       100%        5
 Maxwell's Capacitive Co  Air            0%         ∞         100%        8


Dungeon Overview and Level Annotations

Branches:
Dungeon (3/15)              Sewer (1/1)

Altars:

Shops:
D:1 [


Innate Abilities, Weirdness & Mutations

You are immune to sickness and miasma.
Your stone body is resilient. (AC +3)
You are immune to poison.
You resist negative energy. (rN+)
You are resistant to electric shocks. (rElec)
You are resistant to unholy torment.
You are immune to petrification.


Message History

The kobold brigand closely misses you.
The kobold brigand hits you but does no damage.
You hit the kobold brigand but do no damage.
The kobold brigand is heavily wounded.
The kobold brigand hits you with a +0 whip.
You closely miss the kobold brigand.
The kobold brigand is heavily wounded.
The kobold brigand hits you with a +0 whip.
You hit the kobold brigand.
The kobold brigand is severely wounded.
The kobold brigand hits you but does no damage. x2
You hit the kobold brigand.
The kobold brigand is almost dead.
The kobold brigand hits you with a +0 whip.
You closely miss the kobold brigand.
The kobold brigand is almost dead.
The kobold brigand hits you but does no damage.
You hit the kobold brigand but do no damage.
The kobold brigand is almost dead.
The kobold brigand hits you with a +0 whip.
You closely miss the kobold brigand.
The kobold brigand is almost dead.
The kobold brigand hits you but does no damage.
The kobold brigand closely misses you.
You hit the kobold brigand but do no damage.
The kobold brigand is almost dead.
The kobold brigand hits you with a +0 whip.
* * * LOW HITPOINT WARNING * * *
You barely miss the kobold brigand.
The kobold brigand is almost dead.
The kobold brigand misses you.
You hit the kobold brigand but do no damage.
The kobold brigand is almost dead.
The kobold brigand hits you but does no damage.
You barely miss the kobold brigand.
The kobold brigand is almost dead.
The kobold brigand hits you with a +0 whip!
* * * LOW HITPOINT WARNING * * *
The kobold brigand hits you with a +0 whip.
You die...

####### ## ##
#.#.#.# #. .#
#~#~#~# #~ ~#
#~#~#~# #~ ~#
#~#)#)# #~#~#
.~#~~~# #~w~#
.###~## #~ ##K##
~# #~# #~ #@#
~###~# #~###~#
~~~~~# #~~~~~#
#~~~## ##~.~##
#.~.# #.~.# #.~~#
#.~.# #..~##
##.~.# #.~.~##
##~~~.#
#.~.~.#####~.~..#


You could see a kobold brigand and a worm.

Vanquished Creatures
  2 adders
  A river rat (D:3)
  5 worms
  2 dart slugs
  12 ball pythons
  An endoplasm (D:2)
  2 giant cockroaches (D:3)
  3 goblins
  9 hobgoblins
  3 jackals (D:1)
  5 quokkas
  3 bats
  A frilled lizard (D:2)
  7 kobolds
  8 rats
64 creatures vanquished.

Notes
Turn   | Place    | Note
-------+----------+-------------------------------------------
     0 | D:1      | dialectric the Gargoyle Fighter began the quest for the
                  | Orb.
     0 | D:1      | Reached XP level 1. HP: 14/14 MP: 1/1
   172 | D:1      | Reached XP level 2. HP: 18/19 MP: 2/2
   358 | D:1      | Found Gouhiope's Armour Boutique.
   456 | D:1      | Reached XP level 3. HP: 24/24 MP: 3/3
   854 | D:2      | Reached skill level 1 in Dodging
   854 | D:2      | Reached XP level 4. HP: 24/29 MP: 4/4
  1136 | D:3      | Found a glowing drain.
  1184 | Sewer    | Entered a sewer
  1328 | Sewer    | Reached skill level 4 in Armour
  1458 | Sewer    | Noticed a kobold brigand
  1485 | Sewer    | HP: 1/29 [kobold brigand/+0 whip (8)]
  1485 | Sewer    | Slain by a kobold brigand

Illustrated notes

Levels and vault maps discovered:
D:1:      dpeg_arrival_morbid_curiosity, layout_loops_ring,
          hellmonk_ecumenical_altar_watching_god, serial_shops,
          nicolae_shop_advertising_works [nicolae_subvault_shop_adworks],
          minmay_pentomino_u2
D:2:      layout_rooms
D:3:      layout_basic, portal_sewer_entry_a, gammafunk_ghost_cemetery,
          uniq_natasha
Sewer:    sewer_co_tree

Skill      XL: |  1  2  3  4 |
---------------+-------------+-----
Long Blades    | 2 3 |  3.2
Dodging        | 1 |  1.2
Armour         | 4 |  4.0
Fighting       | |  3.9
Shields        | |  3.2

Action                     |  1- 3 |  4- 6 || total
---------------------------+-------+-------++-------
  Melee: Long sword        |   116 |   108 ||   224
         Punch             |     2 |     1 ||     3
    Use: Scroll            |       |     2 ||     2
         Potion            |       |     1 ||     1
 Armour: Scale mail        |    72 |    95 ||   167
  Dodge: Dodged            |    92 |    76 ||   168

Table legend: (Time is in decaauts)
 A = Elapsed time spent in this place.
 B = Non-inter-level travel time spent in this place.
 C = Inter-level travel time spent in this place.
 D = Time resting spent in this place.
 E = Time spent auto-exploring this place.
 F = Levels seen in this place.
 G = Mean time per level.
                   A        B        C        D        E       F      G
               +--------+--------+--------+--------+--------+-----+--------+
         Total |   1617 |   1597 |     20 |    102 |    885 |   4 |  404.2 |
       Dungeon |   1234 |   1214 |     20 |    102 |    661 |   3 |  411.3 |
         Sewer |    382 |    382 |      0 |      0 |    224 |   1 |  382.0 |
               +--------+--------+--------+--------+--------+-----+--------+

Top non-repeatable levels by time:
     D:1: 764 daAuts
     D:2: 410 daAuts
   Sewer: 382 daAuts
     D:3: 60 daAuts
